 Dungeon Crawl Stone Soup version 0.23-a0-395-gcf17ac6 (webtiles) character file.

289 Azzok the Firebug (level 6, 33/41 HPs)
             Began as a Demonspawn Fire Elementalist on Nov 1, 2018.
             Quit the game on level 4 of the Dungeon.
             The game lasted 00:04:38 (3703 turns).

Azzok the Firebug (Demonspawn Fire Elementalist)    Turns: 3703, Time: 00:04:38

Health: 33/41      AC:  4    Str:  9    XL:     6   Next: 9%
Magic:  2/9        EV: 12    Int: 18    God:
Gold:   143        SH:  0    Dex: 13    Spells: 1/9 levels left

rFire    . . .     SeeInvis .   p - +2 long sword (flame)
rCold    . . .     Gourm    .   (no shield)
rNeg     . . .     Faith    .   a - +0 robe
rPois    .         Spirit   .   (no helmet)
rElec    .         Reflect  .   (no cloak)
rCorr    .         Harm     .   (no gloves)
MR       .....                  (no boots)
Stlth    +.........             (no amulet)
HPRegen  0.13/turn              m - ring of attention (curse)
MPRegen  0.11/turn              (no ring)

@: no status effects
A: claws 1, thin metallic scales 1, rot immunity
a: no special abilities


You were on level 4 of the Dungeon.
You were hungry.

You visited 1 branch of the dungeon, and saw 4 of its levels.
You also visited: Sewer.

You collected 143 gold pieces.

Inventory:

Hand Weapons
 p - a +2 long sword of flaming (weapon)
Armour
 a - a +0 robe (worn)
 o - a +0 buckler
Jewellery
 m - a cursed ring of attention (left claw)
Scrolls
 d - 2 scrolls of fog
 e - 2 scrolls of immolation
 f - a scroll of identify
 i - a scroll of enchant weapon {unknown}
 j - 2 scrolls of amnesia {unknown}
 k - a scroll of magic mapping {unknown}
 l - 3 scrolls of teleportation {unknown}
 n - 2 scrolls of remove curse {unknown}
Potions
 b - a potion of haste {unknown}
 g - 2 potions of heal wounds {unknown}
 h - a potion of degeneration {unknown}
 q - a potion of curing {unknown}
 r - 2 potions of flight {unknown}
Comestibles
 c - 3 rations


   Skills:
 - Level 1.7 Dodging
 - Level 1.7 Stealth
 - Level 2.0 Spellcasting
 + Level 4.3 Conjurations
 + Level 4.8 Fire Magic


You had one spell level left.
You knew the following spells:

 Your Spells              Type           Power        Failure   Level  Hunger
a - Flame Tongue          Conj/Fire      ###..        2%          1    #......
b - Conjure Flame         Conj/Fire      ###.....     9%          3    ###....
c - Sticky Flame          Conj/Fire      ###.....     26%         4    #####..

Your spell library contained the following spells:

 Spells                   Type           Power        Failure   Level  Hunger
 Throw Flame              Conj/Fire      ###...       4%          2    ###....
 Inner Flame              Hex/Fire       ##......     21%         3    ###....
 Fireball                 Conj/Fire      ###.......   58%         5    ######.


Dungeon Overview and Level Annotations

Branches:
Dungeon (4/15)
 Temple: D:4-7

Altars:
Dithmenos
Gozag
Hepliaklqana
Nemelex Xobeh
Yredelemnul

Annotations:
D:3 Sigmund


Innate Abilities, Weirdness & Mutations

You have sharp fingernails.
You are partially covered in thin metallic scales. (AC +2)
You are immune to rotting.


Message History

Confirm with . or Enter, or press ? or * to list all spells.
Aiming: Flame Tongue (safe; 3% risk of failure)
Press: ? - help, Shift-Dir - straight line, f/p - iguana
Aim: an iguana (almost dead)
The flame tongue misses the iguana.
The iguana closely misses you.
You riposte.
You hit the iguana but do no damage.
The iguana is almost dead.
Casting: Flame Tongue (safe; 3% risk of failure)
Confirm with . or Enter, or press ? or * to list all spells.
Aiming: Flame Tongue (safe; 3% risk of failure)
Press: ? - help, Shift-Dir - straight line, f/p - iguana
Aim: an iguana (almost dead)
The flame tongue hits the iguana.
You kill the iguana!
You have reached level 6!
Your experience leads to an increase in your attributes!
Increase (S)trength, (I)ntelligence, or (D)exterity?
You feel clever.
Your demonic ancestry asserts itself...
You feel immune to rotting.
Are you sure you want to abandon this character and quit the game? (Confirm

▒·········▒·▒▒≈▒≈·≈÷≈≈▒
▒······▒^···▒▒≈▒▒≈≈▒▒≈▒
··<······▒▒▒··▒▒≈≈▒▒▒▒≈≈▒▒
··········▒·▒··▒≈≈≈≈≈≈≈≈≈≈▒
···············▒▒≈≈▒▒▒▒≈≈▒▒
···········▒·▒··▒▒▒▒ ·▒▒▒▒
··········▒▒▒▒··▒ ·····
▒·······▒▒ ▒▒··▒▒ ····· ···
▒▒▒▒··@·▒▒······ ···
▒·····†·W▒······
····▒▒··▒▒▒··········
········▒▒····▒···▒▒
··················▒
·················▒▒
················▒▒
················▒
···············▒▒▒···


You could see a phantom.

Vanquished Creatures
  A big kobold (Sewer)
  An orc priest (D:3)
  An iguana (D:4)
  4 gnolls (D:3)
  3 adders
  2 river rats (Sewer)
  An ooze (D:2)
  A worm (D:4)
  3 dart slugs
  2 leopard geckos
  2 orcs (D:3)
  A ball python (D:1)
  8 bats
  3 giant cockroaches
  6 goblins
  6 hobgoblins
  3 jackals (D:1)
  A quokka (D:2)
  5 frilled lizards (D:1)
  10 kobolds
  6 rats
70 creatures vanquished.

Notes
Turn   | Place    | Note
-------+----------+-------------------------------------------
     0 | D:1      | Azzok the Demonspawn Fire Elementalist began the quest for
                  | the Orb.
     0 | D:1      | Reached XP level 1. HP: 13/13 MP: 3/3
   339 | D:1      | Gained mutation: You have sharp fingernails. [demonic
                  | ancestry]
   339 | D:1      | Reached XP level 2. HP: 18/19 MP: 1/5
  1147 | D:1      | Reached XP level 3. HP: 24/24 MP: 2/6
  1789 | D:2      | Found an opulent altar of Gozag.
  1912 | D:2      | Learned a level 3 spell: Conjure Flame
  2164 | D:2      | Gained mutation: You are partially covered in thin metallic
                  | scales. (AC +2) [demonic ancestry]
  2164 | D:2      | Reached XP level 4. HP: 24/30 MP: 5/7
  2648 | D:3      | Found a sparkling altar of Nemelex Xobeh.
  2746 | D:3      | Found a basalt altar of Yredelemnul.
  2748 | D:3      | Found a hazy altar of Hepliaklqana.
  2858 | D:3      | Found a shadowy altar of Dithmenos.
  2937 | D:3      | Reached XP level 5. HP: 29/35 MP: 1/8
  3230 | D:3      | Noticed Sigmund
  3244 | D:4      | Learned a level 4 spell: Sticky Flame
  3352 | D:4      | Found a glowing drain.
  3373 | Sewer    | Entered a sewer
  3568 | Sewer    | Found a glowing silver altar of Zin.
  3686 | D:4      | Noticed a phantom
  3702 | D:4      | Gained mutation: You are immune to rotting. [demonic
                  | ancestry]
  3702 | D:4      | Reached XP level 6. HP: 33/41 MP: 2/9
  3703 | D:4      | Quit the game

Vault maps used:
D:1:      shiori_shiawase
D:2:      grunt_gozag_statues, serial_bayou, serial_bayou_pond_a,
          serial_bayou_pond_c, serial_bayou_pond_c, serial_bayou_ford_a
D:3:      nemelex_altar_shiori, lemuel_crystal_altar,
          chequers_temple_overflow_statue_of_worship,
          chequers_ecumenical_altar_lobes, uniq_sigmund
D:4:      kennysheep_okawaru_gauntlet, gup_sewer_entry_bubbles
Sewer:    sewer_kobolds

Skill      XL: |  1  2  3  4  5 |
---------------+----------------+-----
Fire Magic     | 3 4 |  4.8
Conjurations   | 2 3 4 |  4.3
Dodging        | |  1.7
Stealth        | |  1.7
Spellcasting   | |  2.0

Action                   |  1- 3 |  4- 6 || total
-------------------------+-------+-------++-------
Melee: Unarmed           |    10 |       ||    10
       Short sword       |    30 |     3 ||    33
       Long sword        |       |     6 ||     6
 Cast: Flame Tongue      |    51 |    64 ||   115
  Use: Scroll            |     2 |       ||     2
 Stab: Sleeping          |     1 |       ||     1
  Eat: Chunk             |     5 |     5 ||    10
Armor: Robe              |    14 |     7 ||    21
Dodge: Dodged            |    34 |    18 ||    52
       Rpst.: Long sword |       |     4 ||     4

Table legend:
 A = Non-vault XP
 B = Vault XP
 C = Vault XP percentage of total XP
 D = Non-vault monster count
 E = Vault monster count
 F = Vault count percentage of total count
                 A         B        C        D         E       F
            +---------+---------+-------+---------+---------+-------
      Total |     256 |     158 |  38.2 |      56 |      14 |  20.0
            +---------+---------+-------+---------+---------+-------
        D:1 |      47 |       0 |   0.0 |      28 |       0 |   0.0
        D:2 |      60 |       0 |   0.0 |      16 |       0 |   0.0
        D:3 |     110 |       0 |   0.0 |      11 |       0 |   0.0
        D:4 |      39 |      25 |  39.1 |       1 |       6 |  85.7
      Sewer |       0 |     133 | 100.0 |       0 |       8 | 100.0
            +---------+---------+-------+---------+---------+-------
